 Dungeon Crawl Stone Soup version 0.27-a0-1140-g099f9bb0e8 (webtiles) character file.

Game seed: 7736245935288466254

9707 jasper the Grappler (level 11, -3/108 HPs)
             Began as a Naga Fighter on May 8, 2021.
             Was a High Priest of Cheibriados.
             Slain by a vampire mosquito (9 damage)
             ... on level 10 of the Dungeon.
             The game lasted 00:19:16 (12500 turns).

jasper the Grappler (Naga Fighter)                 Turns: 12500, Time: 00:19:16

Health: -3/108     AC: 14    Str: 32    XL:     11   Next: 50%
Magic:  11/11      EV:  5    Int: 25    God:    Cheibriados [*****.]
Gold:   534        SH: 12    Dex: 29    Spells: 1/10 levels left

rFire    . . .     SeeInvis +     - Unarmed
rCold    . . .     Faith    .   b - +0 kite shield
rNeg     . . .     Spirit   .   k - +0 chain mail
rPois    +         Reflect  .   (no helmet)
rElec    .         Harm     .   j - +2 cloak
rCorr    .         Rampage  .   (no gloves)
Will     +....                  (no barding)
Stlth    ..........             (no amulet)
HPRegen  0.28/turn              e - +4 ring of slaying
MPRegen  0.12/turn              y - +6 ring of dexterity

@: very slow
A: AC +3, large, see invisible, deformed body, poison resistance, slowness 2,
spit poison 1, naga tail 1
a: Spit Poison, Renounce Religion, Bend Time, Temporal Distortion, Slouch, Step
From Time


You were on level 10 of the Dungeon.
You worshipped Cheibriados.
Cheibriados was extremely pleased with you.
You visited 2 branches of the dungeon, and saw 12 of its levels.

You collected 579 gold pieces.
You spent 45 gold pieces at shops.

Inventory:

Missiles
 d - 412 stones
 m - 17 poisoned darts
 r - 8 boomerangs
Armour
 a - a +0 scale mail
 b - a +0 kite shield (worn)
 j - a +2 cloak (worn)
 k - a +0 chain mail (worn)
 t - a +1 cloak
 w - +0 acid dragon scales
Magical Staves
 n - a staff of earth
Jewellery
 e - a +4 ring of slaying (left hand)
 h - a ring of see invisible
 o - an amulet of magic regeneration
 y - a +6 ring of dexterity (right hand)
Wands
 f - a wand of paralysis (11)
 B - a wand of iceblast (6)
Scrolls
 i - 3 scrolls of enchant armour
 l - a scroll of teleportation
 q - a scroll of identify
 v - a scroll of magic mapping
Potions
 c - 3 potions of flight
 g - a potion of attraction
 p - 2 potions of magic
 s - a potion of brilliance {unknown}
 u - a potion of invisibility {unknown}
 x - 2 potions of cancellation {unknown}
 z - 6 potions of ambrosia
 A - a potion of curing


   Skills:
 - Level 10.0 Fighting
 - Level 10.0 Armour
 - Level 2.4 Shields
 - Level 10.0 Unarmed Combat
 + Level 0.6 Invocations


You had one spell level left.
You knew the following spells:

 Your Spells              Type           Power      Damage    Failure   Level
a - Passwall              Tmut/Erth      0%         N/A       97%         2
b - Passage of Golubria   Tloc           N/A        N/A       100%        4
c - Ozocubu's Armour      Ice            0%         N/A       99%         3

Your spell library contained the following spells:

 Spells                   Type           Power      Damage    Failure   Level
 Foxfire                  Conj/Fire      0%         2x1d4     90%         1
 Freeze                   Ice            0%         1d3       90%         1
 Summon Small Mammal      Summ           0%         N/A       90%         1
 Call Imp                 Summ           0%         N/A       97%         2
 Call Canine Familiar     Summ           0%         N/A       99%         3
 Conjure Flame            Conj/Fire      0%         6-21      99%         3
 Frozen Ramparts          Ice            0%         1d2       99%         3
 Inner Flame              Hex/Fire       0%         N/A       99%         3
 Summon Guardian Golem    Hex/Summ       0%         N/A       99%         3
 Swiftness                Air            0%         N/A       99%         3
 Hailstorm                Conj/Ice       0%         3d3       100%        4
 Sticky Flame             Conj/Fire      0%         2d3       100%        4
 Summon Ice Beast         Ice/Summ       0%         N/A       100%        4
 Summon Lightning Spire   Summ/Air       0%         N/A       100%        4
 Fireball                 Conj/Fire      0%         3d3       100%        5
 Lee's Rapid Deconstruct  Erth           0%         3d5*      100%        5
 Metabolic Englaciation   Hex/Ice        0%         N/A       100%        5
 Invisibility             Hex            0%         N/A       100%        6


Dungeon Overview and Level Annotations

Branches:
Dungeon (11/15)            Temple (1/1) D:4             Orc (0/2) D:9
   Lair: D:8-11

Altars:
Cheibriados
Dithmenos
Elyvilon
Fedhas
Gozag
Hepliaklqana
Kikubaaqudgha
Makhleb
Nemelex Xobeh
Okawaru
Qazlal
Ru
Sif Muna
Trog
Uskayaw
Vehumet
Wu Jian
Xom
Yredelemnul
Zin
The Shining One

Shops:
D:2 *

Annotations:
D:6 Dowan, Duvessa


Innate Abilities, Weirdness & Mutations

Your serpentine skin is tough. (AC +3)
You have supernaturally acute eyesight. (SInv)
Armour fits poorly on your strangely shaped body.
Your system is resistant to poisons. (rPois)
You cover ground very slowly.
You can spit poison.
You have a snake-like lower body.


Message History

The vampire mosquito is severely damaged.
The vampire mosquito barely misses you. The vampire mosquito bites you!
* * * LOW HITPOINT WARNING * * *
The vampire mosquito draws strength from your injuries!
You block the vampire mosquito's attack.
The vampire mosquito completely misses you.
You take 7 damage, and have 20/108 hp.
You closely miss the vampire mosquito.
The vampire mosquito is heavily damaged.
The vampire mosquito bites you.
* * * LOW HITPOINT WARNING * * *
The vampire mosquito draws strength from your injuries!
The vampire mosquito bites you but does no damage. x2
You block the vampire mosquito's attack.
You take 1 damage, and have 19/108 hp.
You feel better. The vampire mosquito bites you.
* * * LOW HITPOINT WARNING * * *
The vampire mosquito draws strength from your injuries!
The vampire mosquito bites you!
* * * LOW HITPOINT WARNING * * *
The vampire mosquito draws strength from your injuries!
The vampire mosquito bites you but does no damage.
You block the vampire mosquito's attack.
You take 5 damage, and have 14/108 hp.
You hit the vampire mosquito.
The vampire mosquito is severely damaged.
You block the vampire mosquito's attack.
The vampire mosquito bites you but does no damage. x2
You closely miss the vampire mosquito.
The vampire mosquito is severely damaged.
You block the vampire mosquito's attack.
The vampire mosquito bites you.
* * * LOW HITPOINT WARNING * * *
The vampire mosquito draws strength from your injuries!
The vampire mosquito bites you but does no damage.
The vampire mosquito bites you.
* * * LOW HITPOINT WARNING * * *
The vampire mosquito draws strength from your injuries!
The vampire mosquito bites you!
You die...

.................##.[#..#
..................(.....#
#############+######....#
#...........#....#
#...........#....#
#.......#####..#.#
#.......#......#.#
#......yyy.....#.#
#.....>.#@##...#.#
#.......#........#
#.......#........#
#.......#........#
###'######.##.....#
#..............#..#
#.........####....#
#[........# #....#
#.........# #....#


You could see 3 vampire mosquitoes.

Vanquished Creatures
  A cyclops (D:9)
  A polar bear (D:10)
  A troll (D:9)
  A queen bee (D:9)
  Grinder (D:4)
  A hornet (D:7)
  2 wyverns
  10 yaks
  2 steam dragons
  5 vampire mosquitoes (D:10)
  4 water moccasins
  An acid dragon (D:9)
  A swamp drake (D:9)
  2 orc warriors
  A black bear (D:5)
  An ice beast (D:7)
  3 necrophages
  5 centaurs
  4 ogres
  A phantom (D:7)
  2 kobold brigands
  2 bullfrogs
  Blork the orc (D:6)
  3 gnoll sergeants
  A scorpion (D:5)
  30 killer bees (D:9)
  5 wights (D:8)
  2 howler monkeys
  A bullfrog zombie (D:7)
  3 centaur zombies
  A hound (D:5)
  3 orc priests
  A jelly (D:8)
  A bullfrog skeleton (D:6)
  Jessica (D:2)
  2 iguanas
  9 orc wizards
  A scorpion zombie (D:5)
  2 hound skeletons
  An adder (D:5)
  13 gnolls
  A shadow imp (D:7)
  2 ufetubi (D:7)
  A dart slug (D:1)
  24 orcs
  5 ball pythons
  5 endoplasms
  6 giant cockroaches
  7 goblins
  5 hobgoblins
  3 jackals (D:1)
  16 kobolds
  5 quokkas
  2 bats
  6 frilled lizards
  4 rats
225 creatures vanquished.

Vanquished Creatures (others)
  5 fungi (D:11)
  2 plants (D:11)
7 creatures vanquished.

Grand Total: 232 creatures vanquished

Notes
Turn   | Place    | Note
-------+----------+-------------------------------------------
     0 | D:1      | jasper the Naga Fighter began the quest for the Orb.
     0 | D:1      | Reached XP level 1. HP: 21/21 MP: 1/1
   266 | D:1      | Found a faded altar of an unknown god.
   288 | D:1      | Reached XP level 2. HP: 26/28 MP: 2/2
   634 | D:1      | Reached XP level 3. HP: 34/34 MP: 3/3
  1196 | D:2      | Found Taijor's General Store.
  1217 | D:2      | Bought a scroll of fear for 45 gold pieces
  1270 | D:2      | Noticed Jessica
  1290 | D:2      | Killed Jessica
  1291 | D:2      | Reached XP level 4. HP: 12/42 MP: 4/4
  2289 | D:4      | Found a staircase to the Ecumenical Temple.
  2338 | Temple   | Entered the Ecumenical Temple
  2397 | Temple   | Became a worshipper of Cheibriados the Contemplative
  2585 | D:4      | Noticed an ogre
  2592 | D:4      | Killed an ogre
  2593 | D:4      | Reached XP level 5. HP: 22/50 MP: 5/5
  2914 | D:4      | Noticed Grinder
  2934 | D:4      | Paralysed by Grinder for 2 turns
  2942 | D:4      | Killed Grinder
  2943 | D:4      | Reached skill level 5 in Unarmed Combat
  2943 | D:4      | Reached XP level 6. HP: 43/58 MP: 6/6
  3629 | D:5      | Entered Level 5 of the Dungeon
  3718 | D:5      | Reached XP level 7. HP: 43/66 MP: 7/7
  3853 | D:5      | Reached * piety under Cheibriados
  3958 | D:5      | Learned a level 2 spell: Passwall
  3963 | D:5      | Learned a level 4 spell: Passage of Golubria
  4016 | D:5      | Reached skill level 5 in Fighting
  4272 | D:5      | Reached XP level 8. HP: 71/74 MP: 8/8
  4760 | D:6      | Noticed Blork the orc
  4769 | D:6      | Killed Blork the orc
  5035 | D:6      | Noticed Duvessa
  5039 | D:6      | Noticed Dowan
  5080 | D:7      | Reached ** piety under Cheibriados
  5081 | D:7      | Reached skill level 5 in Armour
  5880 | D:7      | Found a sacrificial altar of Ru.
  5948 | D:7      | Noticed a hornet
  5959 | D:7      | Killed a hornet
  5960 | D:7      | Reached XP level 9. HP: 65/85 MP: 9/9
  6678 | D:7      | Found a stormy altar of Qazlal.
  6920 | D:8      | Found a hazy altar of Hepliaklqana.
  6921 | D:8      | Found a shimmering altar of Xom.
  6922 | D:8      | Noticed a spectral ugly thing
  7399 | D:8      | Reached *** piety under Cheibriados
  7581 | D:8      | Reached skill level 10 in Unarmed Combat
  7581 | D:8      | Reached XP level 10. HP: 92/94 MP: 10/10
  7609 | D:8      | Found an iron altar of Okawaru.
  8807 | D:9      | Found a white marble altar of Elyvilon.
  8968 | D:9      | Reached **** piety under Cheibriados
 10087 | D:9      | Reached ***** piety under Cheibriados
 10257 | D:9      | HP: 4/99 [poisoned by a killer bee]
 10258 | D:9      | HP: 1/99 [poisoned by a killer bee]
 10810 | D:9      | Found a staircase to the Orcish Mines.
 10961 | D:9      | Reached XP level 11. HP: 91/108 MP: 11/11
 11317 | D:9      | Found a blossoming altar of Fedhas.
 11341 | D:9      | Noticed a cyclops
 11354 | D:9      | Killed a cyclops
 11355 | D:9      | Reached skill level 10 in Fighting
 11474 | D:10     | Entered Level 10 of the Dungeon
 11593 | D:9      | Learned a level 3 spell: Ozocubu's Armour
 12395 | D:10     | Noticed an ice dragon
 12491 | D:10     | Reached skill level 10 in Armour
 12500 | D:10     | Slain by a vampire mosquito

Illustrated notes

Levels and vault maps discovered:
D:1:      nzn_arrival_depleted_hourglass, layout_rooms,
          hellmonk_ecumenical_altar_blasted, hangedman_decor_riveting,
          minmay_misc_feat_ornament
D:2:      layout_basic, serial_shops, shop, minmay_worlds_worst_comb,
          uniq_jessica
D:3:      layout_basic
D:4:      corexii_shack_village, layout_basic, minmay_temple_entry_waves,
          uniq_grinder
D:5:      layout_rooms
D:6:      layout_cave_pools, ashenzari_altar_1, kennysheep_big_empty_room,
          st_stairs_11, kennysheep_generic_room_4, uniq_duvessa,
          uniq_blork_the_orc
D:7:      layout_loops_ring, nicolae_qazlal_eye_of_the_storm,
          hangedman_ru_absence
D:8:      layout_loops_ring, regret_index_temple_of_mockery, okawaru_gym_becter,
          minmay_misc_feat_doors
D:9:      layout_roguey [special_room_bee], kennysheep_mini,
          lemuel_coloured_pillars_altar, erik_orc_1, minmay_sticks_and_stones
D:10:     minmay_coctagon, layout_stronghold, serial_shops, nicolae_shop_trees
D:11:     layout_stronghold, grunt_lair_entry_orc_guard_hut,
          gammafunk_ghost_grave, serial_shops, shop
Temple:   zaba_magenta_temple

Skill      XL: |  1  2  3  4  5  6  7  8  9 10 11 |
---------------+----------------------------------+-----
Unarmed Combat | 3 4 5 6 8 10 | 10.0
Armour         | 3 4 5 6 8 10 | 10.0
Fighting       | 4 5 6 7 9 10 | 10.0
Shields        | |  2.4
Invocations    | |  0.6

Action                   |  1- 3 |  4- 6 |  7- 9 | 10-12 || total
-------------------------+-------+-------+-------+-------++-------
Melee: Unarmed           |    68 |    65 |   217 |   303 ||   653
Throw: Boomerang         |       |     2 |       |       ||     2
       Dart              |       |       |     2 |       ||     2
 Abil: Spit Poison       |    30 |    28 |    45 |    37 ||   140
Evoke: Wand              |       |       |       |     1 ||     1
  Use: Potion            |     1 |       |     3 |     3 ||     7
       Scroll            |       |     6 |     8 |     3 ||    17
 Stab: Confused          |       |       |       |     1 ||     1
       Paralysed         |       |       |       |     1 ||     1
Armor: Scale mail        |    22 |    20 |    42 |       ||    84
       Chain mail        |       |       |    61 |   302 ||   363
Dodge: Dodged            |    16 |    19 |    48 |   107 ||   190
Block: Kite shield       |    29 |    25 |   101 |   364 ||   519

Table legend: (Time is in decaauts)
 A = Elapsed time spent in this place.
 B = Non-inter-level travel time spent in this place.
 C = Inter-level travel time spent in this place.
 D = Time resting spent in this place.
 E = Time spent auto-exploring this place.
 F = Levels seen in this place.
 G = Mean time per level.
                   A        B        C        D        E       F      G
               +--------+--------+--------+--------+--------+-----+--------+
         Total |  17556 |  16933 |    623 |   1913 |  12790 |  12 | 1463.0 |
       Dungeon |  17447 |  16849 |    598 |   1913 |  12714 |  11 | 1586.1 |
        Temple |    108 |     84 |     24 |      0 |     75 |   1 |  108.0 |
               +--------+--------+--------+--------+--------+-----+--------+

Top non-repeatable levels by time:
     D:9: 4104 daAuts
     D:8: 2700 daAuts
     D:7: 2479 daAuts
     D:4: 2052 daAuts
     D:5: 1638 daAuts
    D:10: 1427 daAuts
     D:2: 1117 daAuts
     D:1: 1038 daAuts
     D:3: 641 daAuts
     D:6: 219 daAuts
  Temple: 108 daAuts
    D:11: 30 daAuts
